 Dungeon Sprint DCSS version 0.28.0-45-g0d030f2227 (webtiles) character file.

Game seed: 14468117761027965455

700000 boopmooplesden the Fencer (level 10, -18/114 HPs)
             Began as a Minotaur Berserker on Apr 14, 2022.
             Was a Believer of Trog.
             Demolished by a meat berserker
             ... wielding a +9 battleaxe
              (66 damage)
             ... in the Dungeon (Sprint VIII: "Arena of Blood").
             The game lasted 00:00:18 (7 turns).

boopmooplesden the Fencer (Minotaur Berserker)         Turns: 7, Time: 00:00:18

Health: -18/114    AC:  2    Str: 25    XL:     10   Next: 77%
Magic:  9/9        EV: 15    Int:  4    God:    Trog [**....]
Gold:   0          SH:  0    Dex: 11    Spells: 9/9 levels left

rFire   . . .      SeeInvis .   i - +∞ Axe of Woe
rCold   . . .      Faith    .   (shield currently unavailable)
rNeg    . . .      Spirit   .   b - +0 animal skin
rPois   .          Reflect  .   (helmet restricted)
rElec   .          Harm     .   (no cloak)
rCorr   .          Rampage  .   (no gloves)
Will    .....      NoTele   +   (no boots)
Stlth   +.........              (no amulet)
HPRegen 0.29/turn               (no ring)
MPRegen 0.11/turn               (no ring)

@: no status effects
A: horns 2, retaliatory headbutt
a: Renounce Religion, Berserk, Trog's Hand


You were in the Dungeon.
You worshipped Trog.
Trog was pleased with you.
You visited 1 branch

Inventory:

Hand Weapons
 a - a +0 falchion
 i - the +∞ Axe of Woe (weapon)
   (You found it in the Dungeon)
Armour
 b - a +0 animal skin (worn)
Scrolls
 h - a scroll of blinking
Potions
 c - a potion of curing
 d - a potion of heal wounds
 e - a potion of haste
 f - 2 potions of magic
 g - a potion of berserk rage


   Skills:
 + Level 18.9 Fighting
 + Level 19.1 Long Blades
 + Level 5.2 Axes
 + Level 10.8 Armour
 + Level 10.0 Dodging


You had 9 spell levels left.
You didn't know any spells.
Your spell library was empty.

Dungeon Overview and Level Annotations

Branches:
Dungeon (1/1)

Altars:
Makhleb


Innate Abilities, Weirdness & Mutations

You have a pair of horns on your head.
You reflexively headbutt those who attack you in melee.


Message History

The bag of meat shouts!
You hear a shout! x4
A meat berserker comes into view. It is wielding a +9 battleaxe.
You hear a shout! x5
The meat berserker rages.
You hear a shout! x6
A bag of meat comes into view. It is wielding a +9 war axe.
Your Fighting skill gained 15 levels and is now at level 18!
Your Long Blades skill gained 16 levels and is now at level 19!
Your Axes skill gained 5 levels and is now at level 5!
Your Armour skill gained 8 levels and is now at level 10!
Your Dodging skill gained 8 levels and is now at level 10!
You have reached level 2!
You have reached level 3!
Your experience leads to an increase in your attributes!
Increase (S)trength, (I)ntelligence, or (D)exterity?
You feel agile. x2
You have reached level 4!
You feel stronger.
You have reached level 5!
You have reached level 6!
You have reached level 7!
You have reached level 8!
You feel stronger.
You have reached level 9!
Your experience leads to an increase in your attributes!
Increase (S)trength, (I)ntelligence, or (D)exterity?
You feel stronger. x2
You have reached level 10!
The bag of meat shouts!
You slash the bag of meat!
You butcher the bag of meat messily.
You kill the bag of meat!
Trog accepts your kill.
You can now call upon Trog for regeneration and willpower.
You hear a shout! x10
The meat berserker hits you with a +9 battleaxe!!!
Ouch! That really hurt!
You hear a shout! x2
The meat berserker hits you with a +9 battleaxe!!!
Ouch! That really hurt!
You die...

.. .. .... #... .#
.#... #... ..#
.....###... ..###.
..........###O.....
..#........_.....
#.......#.....#
........#_.<._#
#......@#.....#..
..#...OoO.._......
.........o###......
....o###.... ..###.
..... #...O...#
.... #.......# ...
....oo... .#.
..........
..........


You could see 3 meat berserkers and 5 bags of meat.

Vanquished Creatures
  2 orcs (D)
2 creatures vanquished.

Notes
Turn   | Place    | Note
-------+----------+-------------------------------------------
     0 | D        | Found the +∞ Axe of Woe
     0 | D        | boopmooplesden the Minotaur Berserker began the quest for
                  | the Orb.
     0 | D        | Reached XP level 1. HP: 19/19 MP: 0/0
     3 | D        | Noticed a bag of meat
     3 | D        | Noticed a meat berserker
     3 | D        | Noticed a bag of meat
     4 | D        | Noticed a bag of meat
     5 | D        | Noticed a bag of meat
     5 | D        | Noticed a bag of meat
     6 | D        | Noticed a meat berserker
     6 | D        | Killed a bag of meat
     6 | D        | Noticed a bag of meat
     6 | D        | Noticed a meat berserker
     6 | D        | Noticed a bag of meat
     7 | D        | Reached skill level 19 in Long Blades
     7 | D        | Reached skill level 5 in Axes
     7 | D        | Reached skill level 10 in Armour
     7 | D        | Reached skill level 10 in Dodging
     7 | D        | Reached XP level 2. HP: 53/53 MP: 1/1
     7 | D        | Reached XP level 3. HP: 61/61 MP: 2/2
     7 | D        | Reached XP level 4. HP: 69/69 MP: 3/3
     7 | D        | Reached XP level 5. HP: 75/75 MP: 4/4
     7 | D        | Reached XP level 6. HP: 84/84 MP: 5/5
     7 | D        | Reached XP level 7. HP: 91/91 MP: 6/6
     7 | D        | Reached XP level 8. HP: 99/99 MP: 7/7
     7 | D        | Reached XP level 9. HP: 106/106 MP: 8/8
     7 | D        | Reached XP level 10. HP: 114/114 MP: 9/9
     7 | D        | Killed a bag of meat
     7 | D        | Reached ** piety under Trog
     7 | D        | Demolished by a meat berserker

Illustrated notes

Levels and vault maps discovered:
D:        meatsprint

Skill      XL: |  1 |
---------------+----+-----
Fighting       | 18 | 18.9
Long Blades    | 19 | 19.1
Axes           | 5 |  5.2
Armour         | 10 | 10.8
Dodging        | 10 | 10.0

Action                   |  1- 3 |  4- 6 |  7- 9 | 10-12 || total
-------------------------+-------+-------+-------+-------++-------
Melee: Executioner's axe |     1 |       |       |     1 ||     2
